 Dungeon Crawl Stone Soup version 0.31-a0-236-g9a0961fb85 (webtiles) character file.

Game seed: 16239417118419224304

56 qw the Shooter (level 3, -3/29 HPs)
             Began as a Minotaur Hexslinger on July 10, 2023.
             Slain by Natasha (6 damage)
             ... on level 3 of the Dungeon.
             The game lasted 00:00:42 (1347 turns).

qw the Shooter (Minotaur Hexslinger)                Turns: 1347, Time: 00:00:43

Health: -3/29      AC:  6    Str: 12    XL:     3   Next: 71%
Magic:  3/3        EV: 11    Int: 10    God:
Gold:   88         SH:  0    Dex: 14    Spells: 3/4 levels left

rFire   . . .        Y - +1 sling
rCold   . . .        (no shield)
rNeg    . . .        g - +0 ring mail
rPois   .            (helmet restricted)
rElec   .            (no cloak)
rCorr   .            (no gloves)
SInv    .            h - +0 pair of boots
Will    .....        (no amulet)
Stlth   +            j - +4 ring of slaying {mikee}
HPRegen 0.24/turn    (no ring)
MPRegen 0.08/turn

%: no passive effects
@: about to teleport
A: horns 2, retaliatory headbutt
a: no special abilities


You were on level 3 of the Dungeon.
You visited 1 branch of the dungeon, and saw 3 of its levels.

You collected 88 gold pieces.


Innate Abilities, Weirdness & Mutations

You have a pair of horns on your head.
You reflexively headbutt those who attack you in melee.


   Skills:
 - Level 2.0 Fighting
 - Level 4.3 Ranged Weapons
 + Level 0.0 Armour
 - Level 2.1 Dodging
 - Level 1.0 Spellcasting
 - Level 2.0 Hexes


You had 3 spell levels left.
You knew the following spells:

 Your Spells              Type           Power      Damage    Failure   Level
a - Slow                  Hex            16%        N/A       34%         1

Your spell library contained the following spells:

 Spells                   Type           Power      Damage    Failure   Level
 Inner Flame              Hex/Fire       2%         N/A       83%         3
 Portal Projectile        Hex/Tloc       4%         N/A       83%         3
 Cause Fear               Hex            2%         N/A       98%         4

Inventory:

Hand Weapons
 Y - a +1 sling (weapon)
Armour
 g - a +0 ring mail (worn)
 h - a +0 pair of boots (worn)
Jewellery
 j - a +4 ring of slaying (left hand) {mikee}
Scrolls
 a - a scroll of silence {unknown}
Potions
 e - a potion of haste {unknown}
 i - a potion of heal wounds {unknown}

Dungeon Overview and Level Annotations

Branches:
Dungeon (3/15)

Altars:

Annotations:
D:3 Natasha


Message History

There is an open door here.
There is a stone staircase leading down here.
You climb downwards.
Found a scroll labelled AWAED ZYNU.
There is a stone staircase leading up here.
Waypoint 2 assigned to D:3.
a - a scroll labelled AWAED ZYNU Natasha, Servant of Life and Death comes into view.
Natasha hisses angrily.
Natasha mumbles some strange words.
You shoot a sling bullet.
The sling bullet closely misses the cerulean imp.
Natasha casts a spell at you. The magic dart hits you.
You shoot a sling bullet.
The sling bullet closely misses the cerulean imp.
You shoot a sling bullet. The sling bullet hits the cerulean imp!
The cerulean imp is severely wounded.
The cerulean imp hits you from afar with a +0 spear. x2
You shoot a sling bullet.
The sling bullet misses the cerulean imp.
The cerulean imp hits you from afar with a +0 spear.
You shoot a sling bullet. The sling bullet hits Natasha.
Natasha is moderately wounded.
The cerulean imp hits you but does no damage.
Natasha casts a spell at you. The magic dart hits you.
You shoot a sling bullet. The sling bullet barely misses Natasha.
The cerulean imp closely misses you. Natasha claws you.
You shoot a sling bullet. The sling bullet hits Natasha.
Natasha is moderately wounded.
The cerulean imp barely misses you. Natasha barely misses you.
The cerulean imp hits you from afar with a +0 spear.
Natasha claws you!
1347 ||| READING scroll of teleportation.
As you read the scroll of teleportation, it crumbles to dust.
You feel strangely unstable.
The cerulean imp hits you but does no damage.
Natasha claws you.
You die...

### #.##############
#.##...........#
#######.##.#########.#
......h@.....# #.###
.....5....##########....
......................##
..........#########.....
.########## ###..#
........# #######.# #.#
#.#


You could see Natasha and a cerulean imp (summoned).

Vanquished Creatures
  An adder (D:2)
  An orc (D:2)
  3 endoplasms
  A giant cockroach (D:1)
  2 goblins (D:1)
  4 hobgoblins
  2 jackals (D:2)
  8 ball pythons
  9 bats
  3 frilled lizards (D:1)
  6 kobolds
  4 rats
44 creatures vanquished.

Notes
Turn   | Place    | Note
-------+----------+-------------------------------------------
     0 | D:1      | qw the Minotaur Hexslinger began the quest for the Orb.
     0 | D:1      | Reached XP level 1. HP: 16/16 MP: 1/1
     0 | D:1      | 0 ||| qw: Version: 0.3-a-52-g30416fa
     0 | D:1      | 0 ||| qw: Game counter: 4717
     0 | D:1      | 0 ||| qw: Melee chars always use a shield: true
     0 | D:1      | 0 ||| qw: God list: Okawaru
     0 | D:1      | 0 ||| qw: Allow faded altars: false
     0 | D:1      | 0 ||| qw: Do Orc after clearing Dungeon:15 true
     0 | D:1      | 0 ||| qw: Do second Lair branch before Depths: true
     0 | D:1      | 0 ||| qw: Lair rune preference: random
     0 | D:1      | 0 ||| qw: Goals: Normal
     0 | D:1      | 0 ||| PLANNING D:1-11
   150 | D:1      | Reached skill level 3 in Ranged Weapons
   164 | D:1      | Reached XP level 2. HP: 17/23 MP: 2/2
   783 | D:1      | 783 ||| UPGRADING to +0 leather armour.
   793 | D:1      | 793 ||| DROPPING +0 robe.
   794 | D:1      | 794 ||| UPGRADING to +0 pair of boots.
   799 | D:1      | 799 ||| READING scroll labelled VUILIA ZEGRA.
   800 | D:1      | 800 ||| READING scroll labelled YSERAXKUMI.
   804 | D:1      | 804 ||| DROPPING scroll of poison.
   833 | D:2      | Reached XP level 3. HP: 29/29 MP: 3/3
  1005 | D:2      | Reached skill level 4 in Ranged Weapons
  1274 | D:2      | 1274 ||| UPGRADING to +0 ring mail.
  1284 | D:2      | 1284 ||| DROPPING +0 leather armour.
  1285 | D:2      | 1285 ||| UPGRADING to +4 ring of slaying {mikee}.
  1286 | D:2      | 1286 ||| READING scroll labelled LETOTI TAMIUMP.
  1287 | D:2      | 1287 ||| READING scroll labelled EREYSHR FIUKARO.
  1288 | D:2      | 1288 ||| READING scroll labelled FIYHITAYFO.
  1339 | D:3      | Noticed Natasha
  1346 | D:3      | HP: 3/29 [Natasha (7)]
  1347 | D:3      | 1347 ||| READING scroll of teleportation.
  1347 | D:3      | Slain by Natasha

Levels and vault maps discovered:
D:1:      dpeg_cavernosity, layout_rooms, minivault_11, st_stairs_14,
          minmay_misc_feat_rows, nrook_campfire
D:2:      layout_basic, kennysheep_generic_room_2
D:3:      layout_basic, general_overflow_altar, fedhas_altar_2, uniq_natasha,
          uniq_crazy_yiuf_cottage

Skill      XL: |  1  2  3 |
---------------+----------+-----
Ranged Weapons | 3 4 |  4.3
Fighting       | 2 |  2.0
Dodging        | |  2.1
Spellcasting   | |  1.0
Hexes          | |  2.0

Action                     || total
---------------------------++-------
   Fire: Sling             ||   157
    Use: Scroll            ||     6
 Armour: Robe              ||    14
         Leather armour    ||    27
         Ring mail         ||     2
  Dodge: Dodged            ||    56

Table legend:
 A = Non-vault XP
 B = Vault XP
 C = Vault XP percentage of total XP
 D = Non-vault monster count
 E = Vault monster count
 F = Vault count percentage of total count
                 A         B        C        D         E       F
            +---------+---------+-------+---------+---------+-------
      Total |      68 |      13 |  16.0 |      36 |       8 |  18.2
            +---------+---------+-------+---------+---------+-------
        D:1 |      27 |      11 |  28.9 |      19 |       6 |  24.0
        D:2 |      41 |       2 |   4.7 |      17 |       2 |  10.5
            +---------+---------+-------+---------+---------+-------
